Unix NetHack Version 5.0.0-0 post-release - last build May 17 2026 04:57:42 (dc50c8380fa5e20985bfe3072449f57b8d9895ef,branch:main).

Game began 2026-05-21 01:04:49, ended 2026-05-21 01:52:30.

DaveT, lawful male human Priest

 ------------
 |..........+
 |...*......|
 |......<...|
 |...`......|
 -.----------
  ##
   #
   #
   ##
   -)----
   |)h..-
   |..%.|             |
   |%..v|           (.|
   |..@@%    %...\....|
   ------     ---------

DaveT the Adept              St:13 Dx:11 Co:21 In:10 Wi:18 Ch:7  Lawful
Dlvl:9  $:155 HP:0(82) Pw:115(129) AC:1  Xp:8 T:5184  Burdened

Latest messages:
 The Uruk-hai thrusts his crude short sword.
 The Uruk-hai hits!
 The hobgoblin wields an orcish dagger!
 The hobgoblin shoots 2 elven arrows!
 The 1st elven arrow hits the dwarf lady!
 The 2nd elven arrow hits the dwarf lady.
 You hit the Uruk-hai!
 The Uruk-hai turns to flee.
 The hobgoblin zaps herself with a balsa wand!
 Suddenly you cannot see the hobgoblin.
 The arrow misses the dwarf lady.
 An arrow misses you.
 The hobgoblin thrusts her orcish dagger.
 The hobgoblin just misses!
 Your legs feel better.
 Your movements are only slowed slightly by your load.
 You kill the hobgoblin!
 You hit the bugbear!
 You kill the bugbear!
 You hit the Uruk-hai!
 The bugbear misses!
 The runed dagger hits the bugbear.
 It picks up a scroll labeled PRATYAVAYAH.
 You kill the Uruk-hai!
 It misses!
 You hit the bugbear!
 It hits!
 The bugbear hits!
 The Elvenking wields a blessed runed short sword!
 You kill the bugbear!
 It misses!
 The Elvenking falls into a pit!
 The Elvenking picks up a rusty crossbow bolt.
 You hit the Elvenking!
 You hit the Elvenking!
 It misses!
 The Elvenking thrusts his runed short sword.
 The Elvenking hits!
 The Elvenking thrusts his runed short sword.
 The Elvenking hits again!
 In what direction? .
 You feel better.
 It hits!
 The Elvenking thrusts his runed short sword.
 The Elvenking hits!
 The Elvenking thrusts his runed short sword.
 The Elvenking hits again!
 You die...
 Do you want your possessions identified? [ynq] (y) y
 Do you want to see your attributes? [ynq] (y) q

Inventory:
 Coins    ('$')
  $ - 155 gold pieces
 Amulets  ('"')
  o - a blessed amulet of guarding (being worn)
 Weapons  (')')
  t - 10 +0 darts
  x - 4 +1 daggers
  a - a blessed thoroughly rusty corroded +6 mace (weapon in left hand)
 Armor    ('[')
  I - a thoroughly rusty +0 orcish helm (being worn)
  u - a +0 pair of speed boots (being worn)
  c - a +0 small shield (being worn)
  j - a fireproof +0 mummy wrapping
  b - a +0 robe (being worn)
  F - a +0 studded leather armor (being worn)
 Comestibles  ('%')
  e - a clove of garlic
  W - a cram ration
  h - a food ration
  f - a sprig of wolfsbane
  Q - a lizard corpse
 Scrolls  ('?')
  m - a scroll of blank paper
  q - a scroll of enchant armor
  s - a scroll of taming
 Potions  ('!')
  k - a cursed potion of booze
 Rings    ('=')
  n - a ring of free action
  d - a blessed +3 ring of gain constitution (on left hand)
  l - a ring of regeneration
  w - a ring of shock resistance
 Wands    ('/')
  p - a wand of digging (0:3)
  M - a wand of light (0:13)
  E - a wand of probing (0:6)
  r - a wand of teleportation (0:4)
 Tools    ('(')
  v - a sack containing 25 items
  B - an empty sack
  V - a blindfold
  X - a blessed oil lamp
  A - a +0 pick-axe
  H - a stethoscope

Contents of the sack:
  132 gold pieces
  a cream pie
  a eucalyptus leaf
  a pancake
  2 scrolls of blank paper
  a scroll of charging
  a scroll of enchant armor
  a cursed scroll of enchant weapon
  2 scrolls of identify
  a cursed scroll of light
  2 scrolls of remove curse
  a cursed scroll of remove curse
  a scroll of scare monster
  a spellbook of dig
  a potion of acid
  2 cursed potions of gain ability
  a potion of invisibility
  a potion of paralysis
  a potion of restore ability
  a potion of see invisible
  a potion of sleeping
  4 potions of water
  3 tallow candles
  a worthless piece of green glass
  a worthless piece of red glass

DaveT the Priest's attributes:

Background:
 You were an Adept, a level 8 human Priest.
 You were lawful, on a mission for Mercury
 who was opposed by Venus (neutral) and Mars (chaotic).
 You were left-handed.
 You were in the Dungeons of Doom, on level 9.
 You entered the dungeon 5184 turns ago.
 It was nighttime.
 You had 2513 experience points, 47 more were needed to attain level 9.

Basics:
 You had 0 out of 82 hit points.
 You had 115 out of 129 energy points (spell power).
 Your armor class was 1.
 Your wallet contained 155 zorkmids, and
 you had 132 more stashed away in your pack.
 Autopickup was off.

Final Characteristics:
 Your strength was 13 (limit:18/100).
 Your dexterity was 11 (limit:18).
 Your constitution was 21 (base:18, innate limit:18).
 Your intelligence was 10 (limit:18).
 Your wisdom was 18 (limit:18).
 Your charisma was 7 (limit:18).

Final Status:
 You weren't hungry.
 You were burdened; movement was slightly slowed.
 You were wielding a mace.
 You were skilled in mace and could have enhanced that.

Final Attributes:
 You were piously aligned.
 You were cold resistant.
 You were poison resistant.
 You had a small defense bonus (+2).
 You were protected.
 Your spell casting was enhanced by wearing a robe.
 You were very fast.
 You are dead.

Miscellaneous:
 You didn't encounter any bones levels.
 Total elapsed playing time was 47 minutes and 40 seconds.

Major events:
 Turn
    1: DaveT the lawful human Priest entered the dungeon
  576: attained the rank of Acolyte (level 3)
 1268: entered the Gnomish Mines
 1539: attained the rank of Adept (level 6)
 2346: reached Mine Town
 3974: made his first wish - "", got "a cream pie"
 4579: entered Sokoban
 5184: killed by an Elvenking

Spells:
 Name                 Level Category     Fail Retention
 detect monsters        1   divination     0%   51%-75%
 cure blindness         2   healing       27%   51%-75%
 healing                1   healing        0%  76%-100%
 dig                    5   matter        99%  76%-100%

Skills:
 Fighting Skills
   bare handed combat [Unskilled]
 Weapon Skills
   club               [Unskilled]
   mace               [Skilled]
   morning star       [Unskilled]
   flail              [Unskilled]
   hammer             [Unskilled]
   quarterstaff       [Unskilled]
   polearms           [Unskilled]
   spear              [Unskilled]
   trident            [Unskilled]
   lance              [Unskilled]
   bow                [Unskilled]
   sling              [Unskilled]
   crossbow           [Unskilled]
   dart               [Unskilled]
   shuriken           [Unskilled]
   boomerang          [Unskilled]
   unicorn horn       [Unskilled]
 Spellcasting Skills
   healing spells     [Unskilled]
   divination spells  [Unskilled]
   clerical spells    [Basic]

Voluntary challenges:
 Character rerolling was not enabled.
 You never genocided any monsters.
 You never polymorphed an object.
 You never changed form.
 You used 1 wish.
 You did not wish for any artifacts.
 You did not violate any of the special Sokoban rules.
Achievements:
 You entered a shop.
 You attained the rank of Acolyte.
 You entered the Gnomish Mines.
 You attained the rank of Adept.
 You entered Minetown.
 You entered a temple.
 You entered Sokoban.

 The Dungeons of Doom: levels 1 to 9
    Level 1: "vault door in up stairs room"
    Level 2:
       A scroll shop.
    Level 3:
       A general store, an altar to Mercury, some fountains.
    Level 4: "vault door in NE"
       A potion shop.
       Stairs down to The Gnomish Mines.
    Level 5:
    Level 6:
       Many fountains.
    Level 7:
       Many fountains.
       Stairs up to Sokoban, level 6.
    Level 8:
       An altar, a fountain.
    Level 9: <- You were here.
       A throne, a fountain.
       Final resting place for
          you, killed by an Elvenking.
 The Gnomish Mines: levels 5 to 10
    Level 5:
    Level 6:
    Level 7:
    Level 8:
       Many shops, a temple and an altar, some fountains, some trees.
    Level 9:
    Level 10:
 Sokoban:
    Level 6:
       Unsolved.


Vanquished creatures:
  a large mimic
 10 small mimics
  a gargoyle
  a leather golem
  a giant beetle
  3 quivering blobs
 an iron piercer
  a mumak
  a scorpion
  a black light
  a dwarf mummy
  5 brown puddings
  a rust monster
 an owlbear
  a lizard
  a housecat
  a jaguar
  a dust vortex
  a snake
  2 rope golems
  a soldier ant
  4 fire ants
  4 bugbears
 an imp
  a quasit
 an Uruk-hai
  a rock mole
  a pony
  a fog cloud
 13 gnome leaders
  3 gnomish wizards
  a giant ant
  4 dwarves
  3 homunculi
  a kobold shaman
  2 rothes
  a rabid rat
  a monkey
 an orc zombie
  3 dwarf zombies
  a wererat
  3 iguanas
 an acid blob
  5 manes
  a large kobold
  3 hobgoblins
 48 gnomes
  2 geckos
  8 jackals
  2 foxes
  a kobold
  3 goblins
  a sewer rat
  3 lichens
  2 kobold zombies
  4 newts
172 creatures vanquished.

No species were genocided or became extinct.

Game over:
                       ----------
                      /          \
                     /    REST    \
                    /      IN      \
                   /     PEACE      \
                  /                  \
                  |      DaveT       |
                  |      287 Au      |
                  |   killed by an   |
                  |    Elvenking     |
                  |                  |
                  |                  |
                  |       2026       |
                 *|     *  *  *      | *
        _________)/\\_//(\/(/\)/\//\/|_)_______

Goodbye DaveT the Priest...

You died in The Dungeons of Doom on dungeon level 9 with 10845 points,
and 287 pieces of gold, after 5184 moves.
You were level 8 with a maximum of 82 hit points when you died.

